 Dungeon Crawl Stone Soup version 0.30.1-4-g462c640d31 (webtiles) character file.

Game seed: 15397241094183004692

5841 Kurtz the Severer (level 10, -8/60 HPs)
             Began as a Tengu Fighter on Sept 18, 2023.
             Was a High Priest of Okawaru.
             Mangled by Grum
             ... wielding a +1 glaive of freezing
              (25 damage)
             ... on level 9 of the Dungeon.
             The game lasted 00:13:33 (6016 turns).

Kurtz the Severer (Tengu Fighter)                   Turns: 6016, Time: 00:13:34

Health: -8/60      AC: 18    Str: 19    XL:     10   Next: 80%
Magic:  9/11       EV: 10    Int: 15    God:    Okawaru [*****.]
Gold:   283        SH:  6    Dex: 15    Spells: 9/9 levels left

rFire   . . .        e - +2 broad axe (venom)
rCold   . . .        c - +0 buckler
rNeg    . . .        H - +0 plate armour
rPois   +            (helmet restricted)
rElec   .            x - +0 cloak
rCorr   +            k - +2 pair of gloves of the Gastropod {rPois Will+ Regen+}
SInv    .            (boots unavailable)
Will    +....        (no amulet) Stlth
                     p - ring of resist corrosion
HPRegen 1.10/turn    s - +6 ring of intelligence
MPRegen 0.12/turn

%: no passive effects
@: heroic, flying quickly and evasively, quick
A: beak, talons 3, nimble flight
a: Renounce Religion, Heroism, Finesse, Duel


You were on level 9 of the Dungeon.
You worshipped Okawaru.
Okawaru was extremely pleased with you.
You visited 1 branch of the dungeon, and saw 9 of its levels.
You also visited: Ossuary.

You collected 419 gold pieces.
You spent 136 gold pieces at shops.

Inventory:

Hand Weapons
 e - a +2 broad axe of venom (weapon)
 v - a +0 whip of freezing
 E - a +1 heavy war axe
Missiles
 w - 2 poisoned darts (quivered)
 G - 5 javelins
Armour
 c - a +0 buckler (worn)
 k - the +2 pair of gloves of the Gastropod (worn) {rPois Will+ Regen+}
   (You found it on level 2 of the Dungeon)

   rPois:     It protects you from poison.
   Regen:     It increases your rate of health regeneration.
   Will:      It increases your willpower.
 m - a +0 chain mail
 x - a +0 cloak (worn)
 H - a +0 plate armour (worn)
Jewellery
 p - a ring of resist corrosion (left hand)
 s - a +6 ring of intelligence (right hand)
 B - a +6 ring of intelligence
 I - a +6 ring of strength
Wands
 b - a wand of polymorph (12)
 o - a wand of roots (15)
 z - a wand of flame (9)
Scrolls
 a - a scroll of torment
 j - 2 scrolls of blinking
 n - 3 scrolls of fog
 q - 5 scrolls of teleportation
 r - 2 scrolls of fear
 y - 5 scrolls of enchant armour
 A - a scroll of silence
 F - a scroll of noise
Potions
 d - 3 potions of might
 f - 3 potions of magic
 g - 5 potions of curing
 h - a potion of heal wounds
 i - a potion of attraction
 l - 4 potions of degeneration {unknown}
 t - a potion of ambrosia
 u - 3 potions of flight
 C - 3 potions of brilliance


   Skills:
 - Level 6.0(11.0) Fighting
 * Level 15.5(20.5) Axes
 - Level 3.8(8.8) Armour
 - Level 2.2(7.2) Dodging
 - Level 4.0(9.0) Shields


You had 9 spell levels left.
You didn't know any spells.
Your spell library contained the following spells:

 Spells                   Type           Power      Damage    Failure   Level
 Slow                     Hex            0%         N/A       100%        1
 Lesser Beckoning         Tloc           0%         N/A       100%        2
 Static Discharge         Conj/Air       0%         2-2/arc   100%        2
 Confusing Touch          Hex            0%         N/A       100%        3
 Gell's Gravitas          Tloc           0%         N/A       100%        3
 Inner Flame              Hex/Fire       0%         N/A       100%        3
 Teleport Other           Tloc           0%         N/A       100%        3
 Vampiric Draining        Necr           0%         2d6       100%        3
 Vhi's Electric Charge    Tloc/Air       0%         N/A       100%        3
 Airstrike                Air            0%         2d(0-16)  100%        4
 Flame Wave               Conj/Fire      0%         2d4       100%        4
 Sticky Flame             Conj/Fire      0%         2d3       100%        4
 Arcjolt                  Conj/Air       0%         1d10      100%        5
 Borgnjor's Vile Clutch   Necr/Erth      0%         N/A       100%        5
 Eringya's Noxious Bog    Tmut/Pois      0%         N/A       100%        6
 Plasma Beam              Fire/Air       0%         2x1d11    100%        6
 Animate Dead             Necr           Unusable   N/A       N/A         4
 Summon Lightning Spire   Summ/Air       Unusable   N/A       N/A         4
 Summon Forest            Summ/Tloc      Unusable   N/A       N/A         5
 Death Channel            Necr           Unusable   N/A       N/A         6
 Summon Hydra             Summ           Unusable   N/A       N/A         7

Dungeon Overview and Level Annotations

Branches:
Dungeon (9/15)             Temple (0/1) D:4         Ossuary (visited)
   Lair: D:8-11         Orc: D:9-12

Altars:
Cheibriados
Fedhas
Gozag
Okawaru
Trog
Vehumet
Wu Jian
Xom
Yredelemnul
Zin
The Shining One

Shops:
D:5 *   D:7 *

Annotations:
D:7 exclusion: oklob plant
D:9 Grum


Innate Abilities, Weirdness & Mutations

You have a beak for a mouth.
You have claws for feet.
Your magical nature lets you fly swiftly and evasively.


Message History

The wolf is heavily wounded.
You hit the wolf but do no damage.
The wolf looks as sick as possible!
You block the wolf's attack. The wolf bites you but does no damage.
You block the wolf's attack.
Grum hits you from afar with a +1 glaive of freezing!
Grum freezes you.
You gain the combat prowess of a mighty hero.
The wolf bites you but does no damage. x3
Grum hits you from afar with a +1 glaive of freezing!!
* * * LOW HITPOINT WARNING * * *
Grum freezes you.
* * * LOW HITPOINT WARNING * * *
The wolf bites you but does no damage. The wolf barely misses you.
You feel much better. The wolf closely misses you. You block the wolf's attack.
Grum barely misses you. The wolf bites you but does no damage.
You slice the wolf!!
You kill the wolf!
Okawaru accepts your kill.
You miss the wolf. You block the wolf's attack. x2
You block Grum's attack. You block the wolf's attack.
You barely miss Grum. You slash the wolf!
The wolf looks as sick as possible!
The wolf bites you but does no damage.
Grum hits you with a +1 glaive of freezing!
Grum freezes you.
* * * LOW HITPOINT WARNING * * *
Unknown command.
You hit Grum but do no damage.
Grum is poisoned.
You hit the wolf but do no damage.
The wolf looks as sick as possible!
You kill the wolf!
Okawaru accepts your kill.
Grum hits you with a +1 glaive of freezing.
* * * LOW HITPOINT WARNING * * *
Grum freezes you.
* * * LOW HITPOINT WARNING * * *
You slash Grum!
Grum looks as sick as possible!
You claw Grum, but do no damage.
Grum is moderately wounded.
Grum hits you with a +1 glaive of freezing!!
You die...

#........#
#.######.# #.#
#.# #.# #.# #.#
#.# #.######.+
#$.......#
#.......†#######
#.......@.......
#..#.....g....##
#. #..........#
#....=.....#
#............
#............
......#######
.......#


You could see Grum (extremely poisoned).

Vanquished Creatures
  A centaur warrior (D:9)
  Pikel (D:4)
  A troll (D:9)
  Prince Ribbit (D:9)
  A wyvern (D:8)
  A wraith (D:8)
  5 yaks
  An acid dragon (D:8)
  2 water moccasins
  2 ice beasts
  An orc warrior (D:9)
  A black bear (D:4)
  An ogre (D:5)
  3 wolves (D:9)
  2 centaurs
  A lemure (D:3)
  A phantom (D:6)
  An elf zombie (Ossuary)
  3 bullfrogs
  A gnoll sergeant (D:6)
  2 scorpions
  4 killer bees (D:9)
  A howler monkey (D:8)
  4 centaur zombies (D:7)
  A bullfrog zombie (D:7)
  8 hounds
  3 jellies
  A human zombie (Ossuary)
  2 orc priests
  3 gnoll boudas
  2 sleepcaps
  5 iguanas
  8 orc wizards
  A killer bee zombie (D:7)
  A hound zombie (Ossuary)
  4 mummies (Ossuary)
  A howler monkey zombie (D:7)
  20 gnolls
  4 adders
  A white imp (D:3)
  An ufetubus (D:5)
  An adder zombie (Ossuary)
  5 worms
  4 dart slugs
  25 orcs
  4 endoplasms
  4 giant cockroaches
  A gnoll zombie (Ossuary)
  4 hobgoblins
  5 jackals
  6 kobolds
  2 quokkas
  3 ball pythons
  A bat (D:3)
  2 frilled lizards
  4 goblins
  2 hobgoblin zombies (Ossuary)
  A jackal zombie (Ossuary)
  A kobold zombie (Ossuary)
  An orc zombie (Ossuary)
  A quokka zombie (D:8)
  A rat (D:2)
  3 rat zombies
189 creatures vanquished.

Notes
Turn   | Place    | Note
-------+----------+-------------------------------------------
     0 | D:1      | Kurtz the Tengu Fighter began the quest for the Orb.
     0 | D:1      | Reached XP level 1. HP: 14/14 MP: 2/2
    96 | D:2      | Reached skill level 3 in Axes
    96 | D:2      | Reached XP level 2. HP: 3/19 MP: 3/3
   423 | D:2      | Reached XP level 3. HP: 23/23 MP: 4/4
   507 | D:2      | Found a shimmering altar of Xom.
   508 | D:2      | Identified the +2 pair of gloves of the Gastropod {rPois
                  | Will+ Regen+}
   731 | D:3      | Reached skill level 4 in Axes
   942 | D:3      | Reached XP level 4. HP: 26/28 MP: 5/5
   976 | D:3      | Reached skill level 5 in Axes
  1147 | D:3      | Gained mutation: Your magical nature lets you fly swiftly
                  | and evasively. [Tengu growth]
  1147 | D:3      | Reached XP level 5. HP: 32/32 MP: 6/6
  1328 | D:3      | Reached skill level 6 in Axes
  1654 | D:4      | Found an iron altar of Okawaru.
  1667 | D:4      | Became a worshipper of Warmaster Okawaru
  1737 | D:4      | Reached XP level 6. HP: 23/37 MP: 7/7
  1835 | D:4      | Noticed a black bear
  1851 | D:4      | Killed a black bear
  1852 | D:4      | Reached skill level 7 in Axes
  1901 | D:4      | Found a staircase to the Ecumenical Temple.
  1953 | D:4      | Found a glowing golden altar of the Shining One.
  1966 | D:4      | Noticed Pikel
  2151 | D:4      | Reached * piety under Okawaru
  2152 | D:4      | Reached XP level 7. HP: 33/42 MP: 8/8
  2242 | D:4      | Killed Pikel
  2243 | D:4      | Reached skill level 9 in Axes
  2243 | D:4      | Reached skill level 1 in Dodging
  2243 | D:4      | Reached XP level 8. HP: 32/48 MP: 9/9
  2285 | D:5      | Entered Level 5 of the Dungeon
  2327 | D:5      | Identified the +0 scale mail of Catatonia {Int+4 Dex-4}
  2350 | D:5      | Found an opulent altar of Gozag.
  2367 | D:5      | Reached ** piety under Okawaru
  2373 | D:5      | Reached skill level 10 in Axes
  2597 | D:5      | Found an ornate altar of the Wu Jian Council.
  2811 | D:5      | Found a snail-covered altar of Cheibriados.
  2912 | D:5      | Found Nocsap's General Store.
  2942 | D:5      | Bought a scroll of teleportation for 39 gold pieces
  2942 | D:5      | Bought a scroll of enchant weapon for 97 gold pieces
  3096 | D:5      | Found a bloodstained altar of Trog.
  3355 | D:6      | Reached skill level 11 in Axes
  3373 | D:6      | Reached skill level 5 in Fighting
  3373 | D:6      | Reached XP level 9. HP: 33/54 MP: 10/10
  3471 | D:6      | Found a radiant altar of Vehumet.
  4038 | D:7      | Found a basalt altar of Yredelemnul.
  4060 | D:7      | Reached *** piety under Okawaru
  4306 | D:7      | Reached skill level 12 in Axes
  4325 | D:7      | Identified the +1 leather armour of the Moneychanger
                  | {Str+4}
  4429 | D:7      | Found Zin's Purification Station.
  4432 | D:7      | Found a glowing silver altar of Zin.
  4788 | D:7      | Found a blossoming altar of Fedhas.
  4800 | D:7      | Noticed an oklob plant
  4906 | D:8      | Identified a scroll of acquirement
  5078 | D:8      | Found a sand-covered staircase.
  5095 | Ossuary  | Entered an ossuary
  5282 | D:8      | Acquired a +1 broad axe of venom
  5299 | D:8      | Reached skill level 13 in Axes
  5306 | D:8      | Reached **** piety under Okawaru
  5307 | D:8      | Reached XP level 10. HP: 50/60 MP: 11/11
  5674 | D:9      | Noticed Prince Ribbit
  5685 | D:9      | Killed Prince Ribbit
  5709 | D:9      | Reached skill level 14 in Axes
  5760 | D:9      | Reached ***** piety under Okawaru
  5821 | D:9      | Noticed a centaur warrior
  5834 | D:9      | Killed a centaur warrior
  5835 | D:9      | Reached skill level 15 in Axes
  5929 | D:9      | Received a gift from Okawaru
  6001 | D:9      | Noticed Grum
  6016 | D:9      | Mangled by Grum

Illustrated notes

Levels and vault maps discovered:
D:1:      dpeg_arrival_line_fractal, layout_basic,
          hellmonk_ecumenical_altar_inner_sanctum, serial_shops, shop
D:2:      layout_rooms, basic_altar, serial_bayou_ford_a
D:3:      layout_loops_ring, nrook_campfire
D:4:      layout_rooms, tso_metal_star, okawaru_ov_weapons_minmay,
          temple_doors_cd, minmay_surrounded, uniq_pikel
D:5:      layout_loops_ring, lightli_temple_of_fire, cheibrodos_worm_habitat,
          mainiacjoe_overflow_cross_hatched, nicolae_wu_jian_wuxing_cycle,
          serial_shops, shop
D:6:      layout_gridville, vehumet_crystals, st_stairs_1
D:7:      layout_loops_ring, zin_purify, nicolae_yredelemnul_corpse_copse,
          tgw_fedhas
D:8:      layout_cave_pools, enter_ossuary_4, serial_park_tiny_pond,
          kennysheep_generic_room_13
D:9:      cheibrodos_histonic, layout_stronghold, kennysheep_vampire_church,
          ashenzari_altar_1, erik_lair_island, enter_bailey_5,
          chequers_serial_rivers_micro_b, uniq_erolcha, uniq_prince_ribbit1,
          uniq_grum

Skill      XL: |  1  2  3  4  5  6  7  8  9 10 |
---------------+-------------------------------+-----
Axes           | 3 4 5 6 7 9 11 13 15 | 15.5
Fighting       | 4 5 6 |  6.0
Dodging        | 1 2 |  2.2
Shields        | 4 |  4.0
Armour         | |  3.8

Action                     |  1- 3 |  4- 6 |  7- 9 | 10-12 || total
---------------------------+-------+-------+-------+-------++-------
  Melee: War axe           |    44 |   105 |    96 |       ||   245
         Kick              |     7 |    37 |    66 |    32 ||   142
         Peck              |     7 |    15 |    36 |    19 ||    77
         Hand axe          |       |    25 |    82 |       ||   107
         Broad axe         |       |       |     5 |    93 ||    98
  Throw: Dart              |       |     4 |    14 |     3 ||    21
 Invoke: Heroism           |       |       |       |     1 ||     1
  Evoke: Wand              |       |       |       |     2 ||     2
    Use: Potion            |     1 |       |       |     2 ||     3
         Scroll            |       |       |    16 |       ||    16
 Armour: Scale mail        |    15 |     6 |       |       ||    21
         Skin              |     2 |       |       |       ||     2
         Chain mail        |       |    58 |    63 |       ||   121
         Plate armour      |       |       |    39 |    84 ||   123
  Dodge: Dodged            |    22 |    43 |    72 |    39 ||   176
  Block: Buckler           |     9 |    23 |    37 |    31 ||   100
